 Dungeon Crawl Stone Soup version 0.29-a0-885-gb26ba3297d (webtiles) character file.

Game seed: 18261410085304512298

145 Hubris850 the Shooter (level 5, 0/30 HPs)
             Began as a Kobold Hunter on July 20, 2022.
             Slain by a gnoll
             ... wielding a +0 club
              (7 damage)
             ... on level 4 of the Dungeon.
             The game lasted 00:09:23 (4150 turns).

Hubris850 the Shooter (Kobold Hunter)               Turns: 4150, Time: 00:09:24

Health: 0/30       AC:  4    Str:  8    XL:     5   Next: 53%
Magic:  5/5        EV: 31    Int: 10    God:
Gold:   67         SH:  0    Dex: 21    Spells: 4/4 levels left

rFire   . . .      SeeInvis .   a - +0 shortbow
rCold   . . .      Faith    .   (shield currently unavailable)
rNeg    . . .      Spirit   .   c - +0 leather armour
rPois   .          Reflect  .   n - +0 helmet
rElec   .          Harm     .   (no cloak)
rCorr   .          Rampage  .   (no gloves)
Will    .....                   (no boots)
Stlth   ++++......              r - amulet of the acrobat
HPRegen 0.10/turn               (no ring)
MPRegen 0.09/turn               (no ring)

@: acrobatic
A: small, no large weapons, nightstalker 3
a: no special abilities


You were on level 4 of the Dungeon.
You visited 1 branch of the dungeon, and saw 5 of its levels.

You collected 147 gold pieces.
You spent 80 gold pieces at shops.

Inventory:

Hand Weapons
 a - a +0 shortbow (weapon)
 b - a +0 dagger
Missiles
 m - 6 poisoned darts
 o - a throwing net
Armour
 c - a +0 leather armour (worn)
 j - a +0 pair of boots
 n - a +0 helmet (worn)
Magical Staves
 l - a staff of poison
Jewellery
 r - an amulet of the acrobat (around neck)
 s - an amulet of guardian spirit
Scrolls
 f - a scroll of immolation
 g - a scroll of magic mapping
 t - a scroll of silence {unknown}
Potions
 h - a potion of mutation
 i - a potion of brilliance
 k - a potion of heal wounds
 u - a potion of magic


   Skills:
 - Level 2.1 Fighting
 + Level 6.6 Ranged Weapons
 - Level 4.0 Dodging
 + Level 4.2 Stealth


You had 4 spell levels left.
You didn't know any spells.
Your spell library contained the following spells:

 Spells                   Type           Power      Damage    Failure   Level
 Ensorcelled Hibernation  Hex/Ice        0%         N/A       63%         2
 Summon Mana Viper        Hex/Summ       0%         N/A       100%        5
 Summon Cactus Giant      Summ           0%         N/A       100%        6
 Ozocubu's Refrigeration  Ice            0%         4d5       100%        7


Dungeon Overview and Level Annotations

Branches:
Dungeon (5/15)             Temple (0/1) D:4

Altars:
Fedhas

Shops:
D:1 *   D:2 :


Innate Abilities, Weirdness & Mutations

You are small and have problems with some larger weapons.
You are completely attuned to the shadows.


Message History

You hear an angry hiss.
Fire: a) +0 shortbow
Press: ? - help, Q - select action, (/) - cycle Shift-Dir - straight line, f/p - gnoll
Aim: a gnoll, wielding a +0 flail (69% to hit)
You shoot an arrow. The arrow hits the gnoll.
The gnoll is heavily wounded.
The jackal bites you but does no damage.
The jackal barely misses you. The gnoll hits you with a +0 flail.
Fire: a) +0 shortbow
Press: ? - help, Q - select action, (/) - cycle Shift-Dir - straight line, f/p - gnoll
Aim: a gnoll, wielding a +0 flail (heavily wounded, 69% to hit)
You shoot an arrow. The arrow hits the gnoll.
The gnoll is severely wounded.
You hear a shout!
The jackal closely misses you.
A gnoll comes into view. It is wielding a +0 club.
The gnoll barely misses you.
A gnoll comes into view. It is wielding a +0 short sword.
The jackal closely misses you.
Fire: a) +0 shortbow
Press: ? - help, Q - select action, (/) - cycle Shift-Dir - straight line, f/p - gnoll
Aim: a gnoll, wielding a +0 flail (severely wounded, 69% to hit)
You shoot an arrow.
The arrow hits the gnoll but does no damage.
The gnoll is severely wounded.
The jackal barely misses you. The jackal attacks as you move away!
The jackal misses you. The gnoll hits you with a +0 club.
* * * LOW HITPOINT WARNING * * *
The gnoll misses you. The gnoll completely misses you.
The jackal closely misses you. The gnoll attacks as you move away!
The gnoll completely misses you. The jackal attacks as you move away!
The jackal bites you but does no damage.
A gnoll comes into view. It is wielding a +0 spear.
The gnoll attacks as you move away! The gnoll completely misses you.
The gnoll closely misses you. The gnoll attacks as you move away!
The gnoll completely misses you. The gnoll attacks as you move away!
The gnoll hits you with a +0 club!
You die...

#.....###*##*,,,***,,****,,,,
#....##### *,,,,**,,,,,**,,,,
#..#.....#**,*..,,,,,,,,,,,,,
##.#.###..*,,##..,,.###..,,,,
#.....#*,,#.,#..####....##*,,
###...##.*#.*#...>.......#.,,
##......##.###.g...........,
***#..........#gh.............,
**,.##.).....†.@.gg.##.........,
*,,............h#..###.........,
**,........<....#..#*#.........,
**.................*#.........,
*..............,,,*..........,
**.............,,,,*#.........,
*,,............,,,,,*#........,
*,,,..........,,,,,,,*,,,,,,,**
*****.#......#**,,,,,,,,,,,,,,,


You could see 4 gnolls and 2 jackals.

Vanquished Creatures
  An orc wizard (D:3)
  A gnoll (D:2)
  2 adders
  2 worms
  A dart slug (D:3)
  6 orcs
  8 ball pythons
  7 bats
  4 endoplasms
  3 giant cockroaches (D:2)
  5 goblins
  3 hobgoblins (D:2)
  7 jackals
  5 quokkas
  6 frilled lizards
  3 kobolds
  9 rats
73 creatures vanquished.

Notes
Turn   | Place    | Note
-------+----------+-------------------------------------------
     0 | D:1      | Hubris850 the Kobold Hunter began the quest for the Orb.
     0 | D:1      | Reached XP level 1. HP: 12/12 MP: 1/1
    37 | D:1      | Found Ihitithinu's Assorted Antiques.
   191 | D:1      | Reached XP level 2. HP: 12/17 MP: 2/2
   481 | D:1      | Found a faded altar of an unknown god.
   492 | D:1      | Got the Precepts of Cold and the Flock
  1178 | D:2      | Reached XP level 3. HP: 17/21 MP: 3/3
  2259 | D:2      | Reached XP level 4. HP: 26/26 MP: 4/4
  2267 | D:2      | Reached skill level 6 in Ranged Weapons
  2511 | D:2      | Found Caumus's Vocational Training.
  2559 | D:1      | Bought a runed zirconium amulet for 80 gold pieces
  3065 | D:3      | HP: 1/26 [orc wizard/+0 dagger (1)]
  3072 | D:3      | Reached XP level 5. HP: 14/30 MP: 5/5
  3879 | D:3      | Found a blossoming altar of Fedhas.
  4083 | D:5      | Entered Level 5 of the Dungeon
  4150 | D:4      | Slain by a gnoll

Illustrated notes

Levels and vault maps discovered:
D:1:      dpeg_arrival_erosion, layout_loops_ring, serial_shops, shop_statue,
          basic_ecumenical_altar
D:2:      minmay_diamond_boxcup, layout_basic, nicolae_shop_vocational
D:3:      layout_basic, fedhas_altar_4
D:4:      layout_cave_pools, vehumet_crystals, minmay_temple_entry_glass
D:5:      layout_cave_pods, serial_column_ruins, column_ruins_open_small,
          column_ruins_columns_plus, column_ruins_open_tiny

Skill      XL: |  1  2  3  4  5 |
---------------+----------------+-----
Stealth        | 2 3 4 |  4.2
Dodging        | 3 4 |  4.0
Ranged Weapons | 6 |  6.6
Fighting       | |  2.1

Action                   |  1- 3 |  4- 6 || total
-------------------------+-------+-------++-------
Melee: Dagger            |       |     8 ||     8
 Fire: Shortbow          |    90 |   100 ||   190
Throw: Throwing net      |       |     2 ||     2
  Use: Potion            |       |     3 ||     3
       Scroll            |       |     7 ||     7
Armor: Leather armour    |    13 |    32 ||    45
Dodge: Dodged            |    37 |    92 ||   129

Table legend: (Time is in decaauts)
 A = Elapsed time spent in this place.
 B = Non-inter-level travel time spent in this place.
 C = Inter-level travel time spent in this place.
 D = Time resting spent in this place.
 E = Time spent auto-exploring this place.
 F = Levels seen in this place.
 G = Mean time per level.
                   A        B        C        D        E       F      G
               +--------+--------+--------+--------+--------+-----+--------+
         Total |   4213 |   3974 |    239 |    557 |   2737 |   5 |  842.6 |
       Dungeon |   4213 |   3974 |    239 |    557 |   2737 |   5 |  842.6 |
               +--------+--------+--------+--------+--------+-----+--------+

Top non-repeatable levels by time:
     D:2: 1536 daAuts
     D:1: 1340 daAuts
     D:3: 1211 daAuts
     D:4: 115 daAuts
     D:5: 8 daAuts
